 Dungeon Crawl Stone Soup version 0.24.0-125-gc4c63601f3 (webtiles) character file.

Game seed: 8284434544424369797, levelgen mode: deterministic

39 nightchill the Poker (level 3, -3/30 HPs)
             Began as a Merfolk Abyssal Knight on Mar 3, 2020.
             Was a Follower of Lugonu.
             Slain by a gnoll
             ... wielding a +0 flail
              (11 damage)
             ... on level 2 of the Dungeon.
             The game lasted 00:04:56 (1581 turns).

nightchill the Poker (Merfolk Abyssal Knight)       Turns: 1581, Time: 00:04:57

Health: -3/30      AC:  3    Str: 13    XL:     3   Next: 47%
Magic:  4/4        EV: 12    Int: 11    God:    Lugonu [*.....]
Gold:   66         SH:  0    Dex: 13    Spells: 2/2 levels left

rFire    . . .     SeeInvis .   a - +1 spear
rCold    . . .     Gourm    .   (no shield)
rNeg     . . .     Faith    .   b - +0 leather armour
rPois    .         Spirit   .   (no helmet)
rElec    .         Reflect  .   (no cloak)
rCorr    .         Harm     .   (no gloves)
MR       .....                  (no boots)
Stlth    +.........             (no amulet)
HPRegen  0.10/turn              (no ring)
MPRegen  0.09/turn              (no ring)

@: no status effects
A: change form in water, swift swim, stealthy swim
a: Depart the Abyss, Renounce Religion


You were on level 2 of the Dungeon.
You worshipped Lugonu.
Lugonu was aware of your devotion.
You were very hungry.

You visited 1 branch of the dungeon, and saw 2 of its levels.
You visited the Abyss 1 time.

You collected 66 gold pieces.

Inventory:

Hand Weapons
 a - a +1 spear (weapon)
Missiles
 e - 7 stones (quivered)
Armour
 b - a +0 leather armour (worn)
Wands
 d - a wand of digging (6)
Scrolls
 h - a scroll of teleportation {unknown}
 i - a scroll of immolation {unknown}
Potions
 f - a potion of lignification {unknown}
 g - a potion of curing {unknown}
 k - a potion of brilliance {unknown}
Comestibles
 c - 3 rations


   Skills:
 + Level 3.7 Fighting
 * Level 4.4 Polearms
 - Level 0.6 Armour
 - Level 2.6 Dodging
 + Level 2.5 Invocations


You had 2 spell levels left.
You didn't know any spells.
Your spell library was empty.

Dungeon Overview and Level Annotations

Branches:
Dungeon (2/15)

Altars:


Message History

There is a stone staircase leading up here.
You hit the gnoll.
The gnoll is moderately wounded.
The gnoll hits you!
You hit the gnoll.
The gnoll is moderately wounded.
The gnoll hits you from afar with a +0 spear.
You hit the gnoll.
The gnoll is severely wounded.
The gnoll misses you. The gnoll hits you with a +0 flail.
You are too injured to fight recklessly!
You are too injured to fight recklessly!
You are too injured to fight recklessly!
You are too injured to fight recklessly!
You hit the gnoll.
The gnoll is severely wounded.
The gnoll hits you from afar with a +0 spear.
* * * LOW HITPOINT WARNING * * *
The gnoll hits you but does no damage. The gnoll hits you with a +0 flail!
You die...

#.......## .
##.......#...
#.###....)..
#..##g#...##
#.##.#.#.#
#....#.#.#
########...##.# #
#.....##...# .#.#>
#@....##.>## .#. #
#ggg.......# ...
#b.......#.# ##.
#...............##
#......###..###...
#.....## #.......
#.....# ###.><#
#.....# ###..
##..### ...


You could see 3 gnolls and a bat.

Vanquished Creatures
  A gnoll (D:2)
  A dart slug (D:1)
  4 bats
  A giant cockroach (D:1)
  2 goblins (D:1)
  5 hobgoblins (D:1)
  3 jackals (D:1)
  2 kobolds (D:1)
  4 frilled lizards (D:1)
  4 rats (D:1)
27 creatures vanquished.

Notes
Turn   | Place    | Note
-------+----------+-------------------------------------------
     0 | Abyss:1  | nightchill the Merfolk Abyssal Knight began the quest for
                  | the Orb.
     0 | Abyss:1  | Reached XP level 1. HP: 18/18 MP: 2/2
    88 | Abyss:2  | Noticed a bone dragon
    97 | Abyss:2  | Noticed a large abomination
   103 | D:1      | Escaped the Abyss
   292 | D:1      | Reached XP level 2. HP: 24/24 MP: 3/3
   319 | D:1      | Reached * piety under Lugonu
   601 | D:1      | Reached skill level 4 in Polearms
   732 | D:1      | Reached XP level 3. HP: 29/29 MP: 4/4
  1581 | D:2      | Slain by a gnoll

Levels and vault maps discovered:
D:1:      tarquinn_simple_flora_water_e, layout_loops_cross
D:2:      layout_rooms, nicolae_overflow_hidden_temple, bh_walls_and_bars

Skill      XL: |  1  2 |
---------------+-------+-----
Polearms       | 4 |  4.4
Fighting       | |  3.7
Armour         | |  0.6
Dodging        | |  2.6
Invocations    | |  2.5

Action                   || total
-------------------------++-------
Melee: Spear             ||   117
Invok: Depart the Abyss  ||     1
 Stab: Sleeping          ||     1
  Eat: Chunk             ||     1
Armor: Leather armour    ||    25
Dodge: Dodged            ||    60
